 Dungeon Crawl Stone Soup version 0.18.1-50-g88ac8fd (webtiles) character file.

4897 Naarciss the Thaumaturge (level 10, -3/50 HPs)
             Began as a Deep Elf Wizard on Sept 23, 2016.
             Was an Elder of Vehumet.
             Slain by an orc warrior
             ... wielding a +0 glaive
              (20 damage)
             ... on level 1 of the Orcish Mines.
             The game lasted 03:09:03 (10431 turns).

Naarciss the Thaumaturge (Deep Elf Wizard)         Turns: 10431, Time: 03:09:03

Health: -3/50      AC:  8    Str:  4    XL:     10   Next: 26%
Magic:  23/26      EV: 17    Int: 27    God:    Vehumet [****..]
Gold:   458        SH:  0    Dex: 13    Spells: 10 memorised, 7 levels left

rFire  + . .     SeeInvis .     s - +3 rapier (holy)
rCold  + . .     Gourm    .     D - +2 robe {rC+ rF+}
rNeg   . . .     Faith    .     (no shield)
rPois  .         Spirit   .     b - +0 hat
rElec  .         Dismiss  .     a - +0 cloak {+Inv}
rCorr  +         Reflect  .     h - +1 pair of gloves
SustAt .         Harm     .     k - +0 pair of boots
MR     +....                    d - amulet of magic regeneration
Stlth  ++++......               y - +2 ring of evasion
                                j - ring of resist corrosion

@: repel missiles, somewhat resistant to hostile enchantments, stealthy
A: no striking features
a: Renounce Religion, Evoke Invisibility


You were on level 1 of the Orcish Mines.
You worshipped Vehumet.
Vehumet was greatly pleased with you.
You were not hungry.

You visited 3 branches of the dungeon, and saw 12 of its levels.

You collected 696 gold pieces.
You spent 238 gold pieces at shops.

Inventory:

Hand Weapons
 e - a +1 dagger of speed
 i - a +0 blowgun
 r - a +1 dagger of venom
 s - a +3 rapier of holy wrath (weapon)
Missiles
 g - 62 poisoned needles
 m - 7 needles of sleeping
Armour
 a - a +0 cloak of invisibility (worn)
 b - a +0 hat (worn)
 h - a +1 pair of gloves (worn)
 k - a +0 pair of boots (worn)
 D - a +2 robe of resistance (worn)
Jewellery
 d - an amulet of magic regeneration (around neck)
 j - a ring of resist corrosion (left hand)
 x - an uncursed amulet of rage
 y - a +2 ring of evasion (right hand)
 G - an uncursed ring of protection from cold {unknown}
 O - an uncursed amulet of dismissal
Wands
 f - a wand of digging (9/24)
 u - a wand of flame (38/48)
 C - a wand of digging (14/24)
Scrolls
 n - 3 scrolls of remove curse
 q - a scroll of blinking
 t - 2 scrolls of fog
 A - 3 scrolls of teleportation
 B - a scroll of immolation
 E - 4 scrolls of amnesia
 L - a scroll of vulnerability {unknown}
Potions
 o - a potion of brilliance {unknown}
 v - 2 potions of curing
 z - 2 potions of lignification
 H - 3 potions of degeneration {unknown}
 I - a potion of flight {unknown}
 K - a potion of haste
Books
 c - a book of Minor Magic

   Spells                             Type                      Level
   a - Magic Dart                     Conjuration                  1
   b - Blink                          Translocation                2
   c - Call Imp                       Summoning                    2
   d - Repel Missiles                 Charms/Air                   2
   e - Slow                           Hexes                        2
   f - Conjure Flame                  Conjuration/Fire             3
   g - Mephitic Cloud                 Conjuration/Poison/Air       3
 N - a book of Battle

   Spells                             Type                      Level
   a - Infusion                       Charms                       1
   b - Shroud of Golubria             Charms/Translocation         2
   c - Song of Slaying                Charms                       2
   d - Spectral Weapon                Hexes/Charms                 3
   e - Regeneration                   Charms/Necromancy            3
Comestibles
 p - 5 bread rations
 w - 2 slices of pizza
 J - 2 beef jerkies


   Skills:
 + Level 6.4 Dodging
 + Level 7.3 Stealth
 * Level 10.0 Spellcasting
 + Level 5.8 Conjurations
 + Level 4.2 Charms
 + Level 4.1 Summonings
 + Level 3.8 Translocations
 + Level 3.9 Fire Magic
 + Level 3.5 Ice Magic
 + Level 3.1 Air Magic
 + Level 3.7 Poison Magic
 + Level 3.4 Evocations


You had 7 spell levels left.
You knew the following spells:

 Your Spells              Type           Power        Failure   Level  Hunger
a - Magic Dart            Conj           ####         1%          1    None
b - Call Imp              Summ           #####...     1%          2    None
c - Blink                 Tloc           N/A          1%          2    None
d - Mephitic Cloud        Conj/Pois/Air  #####...     1%          3    None
e - Conjure Flame         Conj/Fire      #####...     1%          3    None
f - Repel Missiles        Chrm/Air       ####..       1%          2    None
g - Freeze                Ice            ####         1%          1    None
h - Throw Flame           Conj/Fire      #####.       1%          2    None
i - Inner Flame           Hex/Fire       ###.....     2%          3    None
j - Ignite Poison         Fire/Trmt/Pois ####....     1%          3    None


Dungeon Overview and Level Annotations

Branches:
Dungeon (9/15)             Temple (1/1) D:5            Lair (0/8) D:8
    Orc (2/2) D:9
    Elf: Orc:2

Altars:
Ashenzari
Cheibriados
Dithmenos
Elyvilon
Fedhas
Gozag
Kikubaaqudgha
Makhleb
Nemelex Xobeh
Okawaru
Pakellas
Qazlal
Ru
Sif Muna
Trog
Vehumet
Xom
Yredelemnul
Zin
The Shining One

Shops:
D:9 (:?([   Orc:1 %


Message History

The orc warrior throws a tomahawk.
The tomahawk closely misses you. The orc warrior hits you with a glaive!
* * * LOW HITPOINT WARNING * * *
The orc warrior closely misses you.
The orc high priest utters an invocation to Beogh.
You climb upwards.
Your crimson imp disappears in a puff of smoke!
There is a stone staircase leading down here.
Casting: Throw Flame
Confirm with . or Enter, or press ? or * to list all spells.
You blink.
Drink which item? (? for menu, Esc to quit)
You feel much better.
The orc warrior hits you from afar with a glaive!
Casting: Blink
Confirm with . or Enter, or press ? or * to list all spells.
A beastly little devil appears in a puff of flame.
The orc warrior completely misses your crimson imp.
The orc warrior hits you from afar with a glaive!!
You die...

##.###.#..####.##....##
#...#.......#.........#
#.....................#
##..........#........##
##.......><[........####
#......o.............##.
#......5.o#.............
#.......................
##.....@................
#......................[
##..)..)...........#.##.
##.#.......#........###)
#....................#..
##.#..........#..#.[..#.
##...........##.#..5♣##
#.........#.##....♣.5.♣
##..#.......###.#...♣..


You could see 2 orc warriors and a friendly crimson imp.

Vanquished Creatures
  An orc sorcerer (Orc:2)
  4 orc warriors
  An ice beast (D:9)
  4 sky beasts
  A wasp (D:8)
  5 centaurs
  2 ogres (Orc:1)
  A big kobold (D:7)
  2 scorpions
  5 killer bees (D:7)
  2 wights (D:7)
  2 crimson imps
  3 jellies
  A hound (D:9)
  9 orc wizards
  3 worker ants
  A howler monkey zombie (D:6)
  10 adders
  2 shadow imps
  2 oozes
  3 dart slugs
  5 giant geckos
  32 orcs
  11 bats
  4 giant cockroaches
  4 goblins
  6 hobgoblins
  7 jackals
  3 quokkas
  2 ball pythons
  A giant gecko zombie (D:7)
  2 giant newts
  A jackal zombie (D:3)
  9 kobolds
  10 rats
  A fungus (Orc:2)
162 creatures vanquished.

Vanquished Creatures (collateral kills)
  An orc sorcerer (Orc:1)
  2 yaks (D:8)
  2 hippogriffs
  The ghost of Gargoyl the Skirmisher, an amateur DsAK of Lugonu (D:3)
  A hungry ghost (D:7)
  A warg (Orc:1)
  An orc warrior (D:7)
  A wasp (D:9)
  2 necrophages (D:7)
  3 centaurs (D:7)
  2 ogres
  A crocodile (D:8)
  A big kobold (D:7)
  A giant frog (D:6)
  A scorpion (D:4)
  A killer bee (D:7)
  A wight (D:7)
  A howler monkey (D:3)
  3 crimson imps
  A giant frog zombie (D:7)
  2 hounds
  An orc priest (D:5)
  5 orc wizards
  2 iguanas
  A giant frog skeleton (D:4)
  A worker ant (D:7)
  2 worker ant zombies
  4 adders
  An ooze (D:1)
  An adder skeleton (D:8)
  An adder zombie (D:5)
  2 giant geckos
  15 orcs
  2 giant cockroaches
  A goblin (D:3)
  7 jackals
  A quokka (D:6)
  8 bats
  A jackal skeleton (D:4)
  7 kobolds (D:7)
  6 rats
99 creatures vanquished.

Vanquished Creatures (others)
  A plant (D:8)
1 creature vanquished.

Grand Total: 262 creatures vanquished

Notes
Turn   | Place    | Note
--------------------------------------------------------------
     0 | D:1      | Naarciss the Deep Elf Wizard began the quest for the Orb.
     0 | D:1      | Reached XP level 1. HP: 10/10 MP: 7/7
   360 | D:1      | Reached skill level 5 in Spellcasting
   360 | D:1      | Reached XP level 2. HP: 15/15 MP: 7/10
   364 | D:1      | Learned a level 2 spell: Call Imp
   367 | D:1      | Learned a level 2 spell: Blink
   801 | D:1      | Reached XP level 3. HP: 19/19 MP: 9/12
   850 | D:1      | Learned a level 3 spell: Mephitic Cloud
   854 | D:1      | Learned a level 3 spell: Conjure Flame
   857 | D:1      | Learned a level 2 spell: Repel Missiles
  1407 | D:2      | Found a shadowy altar of Dithmenos.
  1799 | D:3      | Reached XP level 4. HP: 24/24 MP: 9/13
  1865 | D:3      | Reached skill level 6 in Spellcasting
  2162 | D:3      | Noticed Gargoyl's ghost (amateur DsAK)
  2308 | D:3      | Killed Gargoyl's ghost
  2308 | D:3      | Reached XP level 5. HP: 21/28 MP: 1/16
  3125 | D:3      | Reached XP level 6. HP: 32/32 MP: 11/17
  3542 | D:4      | Reached skill level 7 in Spellcasting
  3751 | D:4      | Found a snail-covered altar of Cheibriados.
  3949 | D:5      | Entered Level 5 of the Dungeon
  4149 | D:5      | Found a staircase to the Ecumenical Temple.
  4170 | Temple   | Entered the Ecumenical Temple
  4445 | Temple   | Became a worshipper of Vehumet
  4572 | D:5      | Reached skill level 5 in Stealth
  4572 | D:5      | Reached XP level 7. HP: 36/36 MP: 13/19
  4855 | D:5      | Found a radiant altar of Vehumet.
  4948 | D:5      | Found a glowing silver altar of Zin.
  5173 | D:6      | Reached skill level 5 in Dodging
  5285 | D:6      | Reached * piety under Vehumet
  5285 | D:6      | Offered knowledge of Freeze by Vehumet.
  5371 | D:6      | Learned a level 1 spell: Freeze
  5380 | D:6      | Reached skill level 8 in Spellcasting
  5684 | D:7      | Reached XP level 8. HP: 41/41 MP: 4/22
  5766 | D:7      | Reached skill level 1 in Poison Magic
  5893 | D:7      | Found an ancient bone altar of Kikubaaqudgha.
  5972 | D:7      | Reached skill level 1 in Ice Magic
  6028 | D:7      | Reached skill level 1 in Air Magic
  6336 | D:7      | Reached skill level 1 in Charms
  6336 | D:7      | Reached skill level 1 in Fire Magic
  6336 | D:7      | Reached skill level 1 in Evocations
  6397 | D:7      | Offered knowledge of Throw Flame by Vehumet.
  6402 | D:7      | Learned a level 2 spell: Throw Flame
  6422 | D:7      | Reached ** piety under Vehumet
  7346 | D:7      | Reached XP level 9. HP: 45/45 MP: 14/23
  7573 | D:8      | Reached skill level 9 in Spellcasting
  7575 | D:8      | Offered knowledge of Inner Flame by Vehumet.
  7580 | D:8      | Learned a level 3 spell: Inner Flame
  7649 | D:8      | Got a jewelled ring mail
  7660 | D:8      | Identified the +2 ring mail "Cixiheil" {+Fly rC- Slay+2} (You found it on level 8 of the Dungeon)
  7782 | D:8      | Reached skill level 5 in Conjurations
  7867 | D:8      | Got a faintly glowing chain mail
  7924 | D:8      | Reached *** piety under Vehumet
  7980 | D:8      | Found an iron altar of Okawaru.
  8458 | D:8      | Found a staircase to the Lair.
  8878 | D:9      | Offered knowledge of Ignite Poison by Vehumet.
  8883 | D:9      | Learned a level 3 spell: Ignite Poison
  8989 | D:9      | Found a shattered altar of Ashenzari.
  9132 | D:9      | Found Ifarphal's Weapon Shop.
  9201 | D:9      | Found Qerrityq's Book Boutique.
  9254 | D:9      | Found a deep blue altar of Sif Muna.
  9284 | D:9      | Found Awoe's Weapon Shoppe.
  9436 | D:9      | Found a sacrificial altar of Ru.
  9649 | D:9      | Found Vuilelyst's Antique Armour Emporium.
  9657 | D:9      | Bought an embroidered cloak for 162 gold pieces
  9697 | D:9      | Found Geing's Magic Scroll Shoppe.
  9737 | D:9      | Found a staircase to the Orcish Mines.
  9748 | Orc:1    | Entered Level 1 of the Orcish Mines
  9748 | Orc:1    | Noticed an orc sorcerer
  9765 | Orc:1    | Noticed a smoke demon
  9765 | Orc:1    | Killed an orc sorcerer
  9765 | Orc:1    | Reached XP level 10. HP: 47/50 MP: 6/25
  9876 | Orc:1    | Found Vegel's Food Boutique.
 10234 | Orc:1    | Bought a slice of pizza for 19 gold pieces
 10234 | Orc:1    | Bought a beef jerky for 19 gold pieces
 10234 | Orc:1    | Bought a beef jerky for 19 gold pieces
 10234 | Orc:1    | Bought a slice of pizza for 19 gold pieces
 10348 | Orc:2    | Entered Level 2 of the Orcish Mines
 10369 | Orc:2    | Noticed an orc sorcerer
 10370 | Orc:2    | Killed an orc sorcerer
 10370 | Orc:2    | Reached skill level 10 in Spellcasting
 10371 | Orc:2    | Noticed an orc high priest
 10401 | Orc:1    | Reached **** piety under Vehumet
 10427 | Orc:2    | HP: 1/50 [orc warrior/glaive (16)]
 10428 | Orc:2    | Noticed a rust devil
 10431 | Orc:1    | Slain by an orc warrior

Skill      XL: |  1  2  3  4  5  6  7  8  9 10 |
---------------+-------------------------------+-----
Spellcasting   | 5 6 7 8 9 10 | 10.0
Stealth        | 3 4 5 6 7 |  7.3
Dodging        | 3 4 5 6 |  6.4
Conjurations   | 2 3 4 5 |  5.8
Poison Magic   | 2 3 |  3.7
Ice Magic      | 2 3 |  3.5
Air Magic      | 2 3 |  3.1
Summonings     | 2 3 4 |  4.1
Charms         | 2 3 4 |  4.2
Fire Magic     | 2 3 |  3.9
Evocations     | 2 3 |  3.4
Translocations | 2 3 |  3.8

Action                   |  1- 3 |  4- 6 |  7- 9 | 10-12 || total
-------------------------+-------+-------+-------+-------++-------
Melee: Dagger            |     6 |    28 |       |       ||    34
       Rapier            |       |       |    25 |       ||    25
 Cast: Magic Dart        |    97 |    81 |   133 |       ||   311
       Call Imp          |     8 |    89 |   174 |    12 ||   283
       Conjure Flame     |     2 |     2 |     6 |       ||    10
       Mephitic Cloud    |     1 |     6 |    33 |     1 ||    41
       Blink             |       |     2 |     9 |     3 ||    14
       Repel Missiles    |       |       |     3 |       ||     3
       Throw Flame       |       |       |   136 |    33 ||   169
       Freeze            |       |       |     9 |     9 ||    18
       Ignite Poison     |       |       |     2 |       ||     2
       Inner Flame       |       |       |     1 |     2 ||     3
Evoke: Wand              |       |       |     2 |       ||     2
  Use: Scroll            |     3 |     6 |     9 |       ||    18
       Potion            |       |     4 |     3 |     1 ||     8
 Stab: Distracted        |       |     1 |       |       ||     1
  Eat: Bread ration      |     1 |       |     1 |       ||     2
       Meat ration       |       |     2 |     1 |     1 ||     4
       Pizza             |       |       |     1 |       ||     1
       Beef jerky        |       |       |     1 |       ||     1
Armor: Robe              |     5 |     8 |    27 |     2 ||    42
       Skin              |       |    12 |       |       ||    12
Dodge: Dodged            |    18 |    21 |   152 |     9 ||   200
       Deflected         |       |       |     9 |       ||     9
